 Dungeon Crawl Stone Soup version 0.27-a0-1442-g87b6fcb595 (webtiles) character file.

Game seed: 16269383370207546337

105 funkygono the Grasshopper (level 4, -1/38 HPs)
             Began as a Gnoll Warper on July 5, 2021.
             Killed by nerve-wracking pain
             ... invoked by Grinder
              (11 damage)
             ... on level 3 of the Dungeon.
             The game lasted 00:05:48 (2935 turns).

funkygono the Grasshopper (Gnoll Warper)            Turns: 2935, Time: 00:05:48

Health: -1/38      AC:  4    Str: 10    XL:     4   Next: 81%
Magic:  11/11      EV: 12    Int: 14    God:
Gold:   53         SH:  5    Dex: 11    Spells: 7/13 levels left

rFire    . . .     SeeInvis .   a - +2 falchion
rCold    . . .     Faith    .   (no shield)
rNeg     . . .     Spirit   .   b - +0 leather armour
rPois    .         Reflect  +   (no helmet)
rElec    .         Harm     .   j - +0 cloak
rCorr    .         Rampage  .   (no gloves)
Will     .....                  (no boots)
Stlth    +.........             k - amulet of reflection
HPRegen  0.12/turn              (no ring)
MPRegen  0.12/turn              (no ring)

@: no status effects
A: fangs 1, strong nose, distributed training
a: no special abilities


You were on level 3 of the Dungeon.
You visited 1 branch of the dungeon, and saw 3 of its levels.

You collected 53 gold pieces.

Inventory:

Hand Weapons
 a - a +2 falchion (weapon)
 m - a +0 dagger of venom
Missiles
 e - 23 bolts
 o - 15 arrows
Armour
 b - a +0 leather armour (worn)
 f - a +0 tower shield
 j - a +0 cloak (worn)
Jewellery
 k - an amulet of reflection (around neck)
Scrolls
 c - a scroll of blinking
 d - a scroll of amnesia
 l - a scroll of enchant weapon
 n - a scroll of magic mapping {unknown}
 p - a scroll of acquirement {unknown}
 r - 3 scrolls of identify
Potions
 g - 2 potions of curing {unknown}
 i - a potion of lignification
Miscellaneous
 q - a piece from Xom's chessboard (11/15)


   Skills:
 + Level 4.7 Fighting
 + Level 1.2 Short Blades
 + Level 4.7 Long Blades
 + Level 1.2 Axes
 + Level 1.2 Maces & Flails
 + Level 1.2 Polearms
 + Level 1.2 Staves
 + Level 1.2 Slings
 + Level 1.2 Bows
 + Level 1.2 Crossbows
 + Level 2.8 Throwing
 + Level 2.8 Armour
 + Level 4.7 Dodging
 + Level 1.2 Stealth
 + Level 1.2 Shields
 + Level 1.2 Unarmed Combat
 + Level 5.1 Spellcasting
 + Level 1.0 Conjurations
 + Level 1.0 Hexes
 + Level 1.0 Summonings
 + Level 1.0 Necromancy
 + Level 5.5 Translocations
 + Level 1.0 Transmutations
 + Level 1.0 Fire Magic
 + Level 1.0 Ice Magic
 + Level 1.0 Air Magic
 + Level 1.0 Earth Magic
 + Level 1.0 Poison Magic
 + Level 1.4 Invocations
 + Level 1.2 Evocations


You had 7 spell levels left.
You knew the following spells:

 Your Spells              Type           Power      Damage    Failure   Level
a - Blink                 Tloc           N/A        N/A       3%          2
b - Gell's Gravitas       Tloc           9%         N/A       7%          3
c - Corona                Hex            6%         N/A       14%         1

Your spell library contained the following spells:

 Spells                   Type           Power      Damage    Failure   Level
 Lesser Beckoning         Tloc           9%         N/A       7%          3
 Teleport Other           Tloc           19%        N/A       7%          3
 Ensorcelled Hibernation  Hex/Ice        12%        N/A       22%         2
 Tukima's Dance           Hex            6%         N/A       41%         3
 Manifold Assault         Tloc           19%        N/A       54%         5


Dungeon Overview and Level Annotations

Branches:
Dungeon (3/15)

Altars:
Xom
Yredelemnul

Annotations:
D:3 Grinder


Innate Abilities, Weirdness & Mutations

You have very sharp teeth.
Your uncanny sense of smell can sniff out nearby items.
Your experience applies equally to all skills.


Message History

Grinder is moderately wounded.
Grinder stops glowing.
The helpless Grinder fails to defend herself.
You hit Grinder.
Grinder is heavily wounded.
The helpless Grinder fails to defend herself.
You slash Grinder! You bite Grinder, but do no damage.
Grinder is heavily wounded.
The helpless Grinder fails to defend herself.
You hit Grinder.
Grinder is heavily wounded.
The helpless Grinder fails to defend herself.
You hit Grinder.
Grinder is heavily wounded.
The helpless Grinder fails to defend herself.
You hit Grinder.
Grinder is heavily wounded.
The helpless Grinder fails to defend herself.
You hit Grinder.
Grinder is severely wounded.
Grinder is no longer petrified.
Grinder hits you.
You hit Grinder but do no damage.
Grinder is severely wounded.
Grinder blinks!
You make a move on Xom's chessboard...
Grinder twists and deforms.
Grinder blinks!
You make a move on Xom's chessboard...
Grinder flickers and vanishes!
Deactivating autopickup; reactivate with Ctrl-A.
Pain shoots through your body!
* * * LOW HITPOINT WARNING * * *
Unknown command.
You can't see anything.
Try to make a move anyway?
Okay, then.
Something tries to affect you, but you resist.
You suddenly lose the ability to move!
You can move again.
Pain shoots through your body!
* * * LOW HITPOINT WARNING * * *
Pain shoots through your body!
You die...

#..#######......#...#
##.#....†..########..
#.####.##.# #.... #.#
#....### #....
#.####......# #....
#...##.####.####....
###.##.# #...##....
#.##.# ###.##.... #@#..#
###†......
####...#####.........
.##.......÷.........†>.
.........####...######..
..............### #...
.........###### #...
.........# ####
........## ..##...##


There were no monsters in sight!

Vanquished Creatures
  3 adders
  A worm (D:2)
  3 dart slugs
  2 endoplasms (D:2)
  A giant cockroach (D:1)
  9 goblins
  8 hobgoblins
  4 jackals
  5 quokkas
  4 ball pythons
  7 bats
  4 frilled lizards
  4 kobolds
  11 rats
66 creatures vanquished.

Notes
Turn   | Place    | Note
-------+----------+-------------------------------------------
     0 | D:1      | funkygono the Gnoll Warper began the quest for the Orb.
     0 | D:1      | Reached XP level 1. HP: 20/20 MP: 6/6
   110 | D:1      | Found a faded altar of an unknown god.
   144 | D:1      | Reached XP level 2. HP: 24/26 MP: 7/7
   171 | D:1      | Learned a level 2 spell: Blink
   758 | D:1      | Reached XP level 3. HP: 31/31 MP: 9/9
   791 | D:1      | Reached skill level 5 in Spellcasting
   804 | D:1      | Learned a level 3 spell: Gell's Gravitas
  1155 | D:2      | Reached skill level 1 in Invocations
  1408 | D:2      | Reached skill level 1 in Short Blades
  1408 | D:2      | Reached skill level 1 in Axes
  1408 | D:2      | Reached skill level 1 in Maces & Flails
  1408 | D:2      | Reached skill level 1 in Polearms
  1408 | D:2      | Reached skill level 1 in Staves
  1408 | D:2      | Reached skill level 1 in Slings
  1408 | D:2      | Reached skill level 1 in Bows
  1408 | D:2      | Reached skill level 1 in Crossbows
  1408 | D:2      | Reached skill level 1 in Stealth
  1408 | D:2      | Reached skill level 1 in Shields
  1408 | D:2      | Reached skill level 1 in Unarmed Combat
  1408 | D:2      | Reached skill level 1 in Evocations
  1452 | D:2      | Reached XP level 4. HP: 27/38 MP: 11/11
  1549 | D:2      | Learned a level 1 spell: Corona
  2478 | D:3      | Found a basalt altar of Yredelemnul.
  2680 | D:3      | Reached skill level 1 in Conjurations
  2680 | D:3      | Reached skill level 1 in Hexes
  2680 | D:3      | Reached skill level 1 in Summonings
  2680 | D:3      | Reached skill level 1 in Necromancy
  2680 | D:3      | Reached skill level 1 in Transmutations
  2680 | D:3      | Reached skill level 1 in Fire Magic
  2680 | D:3      | Reached skill level 1 in Ice Magic
  2680 | D:3      | Reached skill level 1 in Air Magic
  2680 | D:3      | Reached skill level 1 in Earth Magic
  2680 | D:3      | Reached skill level 1 in Poison Magic
  2703 | D:3      | Noticed Grinder
  2762 | D:3      | Found a shimmering altar of Xom.
  2931 | D:3      | Paralysed by something for 2 turns
  2935 | D:3      | Killed from afar by Grinder

Illustrated notes

Levels and vault maps discovered:
D:1:      dpeg_arrival_round_a, layout_loops_ring,
          ebering_ecumenical_altar_sacrificial
D:2:      layout_loops_cross
D:3:      layout_rooms, nicolae_overflow_hidden_temple, xom_butterflies,
          uniq_grinder

Skill      XL: |  1  2  3  4 |
---------------+-------------+-----
Spellcasting   | 5 |  5.1
Invocations    | 1 |  1.4
Short Blades   | 1 |  1.2
Axes           | 1 |  1.2
Maces & Flails | 1 |  1.2
Polearms       | 1 |  1.2
Staves         | 1 |  1.2
Slings         | 1 |  1.2
Bows           | 1 |  1.2
Crossbows      | 1 |  1.2
Stealth        | 1 |  1.2
Shields        | 1 |  1.2
Unarmed Combat | 1 |  1.2
Evocations     | 1 |  1.2
Conjurations   | 1 |  1.0
Hexes          | 1 |  1.0
Summonings     | 1 |  1.0
Necromancy     | 1 |  1.0
Transmutations | 1 |  1.0
Fire Magic     | 1 |  1.0
Ice Magic      | 1 |  1.0
Air Magic      | 1 |  1.0
Earth Magic    | 1 |  1.0
Poison Magic   | 1 |  1.0
Fighting       | |  4.7
Long Blades    | |  4.7
Throwing       | |  2.8
Armour         | |  2.8
Dodging        | |  4.7
Translocations | |  5.5

Action                   |  1- 3 |  4- 6 || total
-------------------------+-------+-------++-------
Melee: Falchion          |   109 |    66 ||   175
       Bite              |    13 |     8 ||    21
Throw: Boomerang         |     3 |     2 ||     5
 Cast: Corona            |       |    16 ||    16
Evoke: Piece from Xom's  |       |     4 ||     4
  Use: Scroll            |     3 |     4 ||     7
       Potion            |       |     1 ||     1
 Stab: Petrified         |       |    10 ||    10
       Sleeping          |       |     1 ||     1
Armor: Leather armour    |    32 |     9 ||    41
Dodge: Dodged            |    78 |    28 ||   106
Block: Other             |       |     4 ||     4
       Rpst.: Falchion   |    25 |    14 ||    39

Table legend: (Time is in decaauts)
 A = Elapsed time spent in this place.
 B = Non-inter-level travel time spent in this place.
 C = Inter-level travel time spent in this place.
 D = Time resting spent in this place.
 E = Time spent auto-exploring this place.
 F = Levels seen in this place.
 G = Mean time per level.
                   A        B        C        D        E       F      G
               +--------+--------+--------+--------+--------+-----+--------+
         Total |   2948 |   2877 |     71 |    112 |   2175 |   3 |  982.7 |
       Dungeon |   2948 |   2877 |     71 |    112 |   2175 |   3 |  982.7 |
               +--------+--------+--------+--------+--------+-----+--------+

Top non-repeatable levels by time:
     D:2: 1437 daAuts
     D:1: 1041 daAuts
     D:3: 469 daAuts
